 Dungeon Crawl Stone Soup version 0.22-a0-460-g49b1da7e92 (webtiles) character file.

7121 MirrMurr the Nimble (level 10, -2/53 HPs)
             Began as a Spriggan Berserker on June 9, 2018.
             Was an Elder of Trog.
             Slain by a centaur (4 damage)
             ... while paralysed
             ... on level 9 of the Dungeon.
             The game lasted 00:35:08 (16347 turns).

MirrMurr the Nimble (Spriggan Berserker)           Turns: 16347, Time: 00:35:08

Health: -2/53      AC:  8    Str: 16    XL:     10   Next: 85%
Magic:  11/11      EV:  4    Int:  9    God:    Trog [****..]
Gold:   376        SH:  0    Dex: 16    Spells: 9/9 levels left

rFire    . . .     SeeInvis +   a - -1 trident
rCold    . . .     Gourm    .   (shield currently unavailable)
rNeg     . . .     Faith    .   I - +0 troll leather armour
rPois    .         Spirit   .   v - +2 hat
rElec    .         Reflect  .   G - +1 cloak
rCorr    .         Harm     .   (gloves unavailable)
MR       +....                  (boots unavailable)
Stlth    ++++......             (no amulet)
HPRegen  0.57/turn              (no ring)
MPRegen  0.12/turn              (no ring)

@: paralysed, fainting, very quick
A: very small, unfitting armour, see invisible, herbivore, speed 3, slow
metabolism 2
a: Berserk, Trog's Hand, Brothers in Arms, Renounce Religion


You were on level 9 of the Dungeon.
You worshipped Trog.
Trog was greatly pleased with you.
You were fainting.

You visited 2 branches of the dungeon, and saw 10 of its levels.

You collected 376 gold pieces.

Inventory:

Hand Weapons
 a - a -1 trident (weapon)
 b - a +0 hunting sling
 q - a cursed -2 rapier
Missiles
 d - 107 arrows
 g - 154 stones (quivered)
 i - 32 sling bullets
 p - 19 bolts
 F - 23 poisoned needles
Armour
 v - a +2 hat (worn)
 D - a +2 robe of magic resistance
 G - a +1 cloak (worn)
 I - a +0 troll leather armour (worn)
Jewellery
 n - an uncursed ring of protection from magic {unknown}
 L - an uncursed ring of protection from cold {unknown}
Wands
 e - a wand of disintegration (31)
 y - a wand of paralysis (12)
 B - a wand of enslavement (9)
 E - a wand of random effects (18)
 J - a wand of iceblast (7)
Scrolls
 m - a scroll of noise {unknown}
 r - a scroll of remove curse
 s - 2 scrolls of identify
 x - 4 scrolls of magic mapping
 z - 6 scrolls of teleportation
 A - 2 scrolls of enchant armour
 C - a scroll of blinking {unknown}
 H - 2 scrolls of enchant weapon {unknown}
 K - a scroll of fear
Potions
 f - 2 potions of agility
 h - 5 potions of curing
 j - 3 potions of flight {unknown}
 k - a potion of invisibility {unknown}
 l - 3 potions of brilliance {unknown}
 o - a potion of haste {unknown}
 t - a potion of berserk rage {unknown}
 u - 5 potions of heal wounds
 w - 4 potions of ambrosia {unknown}


   Skills:
 + Level 6.2 Fighting
 * Level 7.9 Polearms
 + Level 7.8 Slings
 + Level 10.8 Dodging
 + Level 10.3 Stealth


You had 9 spell levels left.
You didn't know any spells.
Your spell library was empty.

Dungeon Overview and Level Annotations

Branches:
Dungeon (9/15)             Temple (1/1) D:4
   Lair: D:8-11         Orc: D:9-12

Altars:
Elyvilon
Kikubaaqudgha
Nemelex Xobeh
Ru
Sif Muna
Trog
Uskayaw
Vehumet

Shops:
D:9 ?

Annotations:
D:3 yohadams's ghost, amateur DsGl
D:9 Prince Ribbit


Innate Abilities, Weirdness & Mutations

You are very small and have problems with some larger weapons.
You are too small for most types of armour.
You have supernaturally acute eyesight. (SInv)
You are a herbivore.
You cover ground extremely quickly.
You need to consume almost no food.


Message History

The centaur misses you. The jelly misses you.
You puncture the centaur!
The centaur is almost dead.
The centaur closely misses you. The jelly closely misses you.
The centaur completely misses you.
You hit the jelly.
Your hands burn!
The jelly is lightly wounded.
You lose consciousness!
You are no longer corroded.
The jelly hits you.
You are splashed with acid!
The acid burns!
* * * LOW HITPOINT WARNING * * *
The centaur hits you.
* * * LOW HITPOINT WARNING * * *
The centaur hits you.
* * * LOW HITPOINT WARNING * * *
The jelly hits you but does no damage. The centaur hits you.
* * * LOW HITPOINT WARNING * * *
The centaur hits you.
You die...

.......... ####.. #........†<#
.Z<..o......#######.###....)†).)†
.........$...#####...#..........#
..K...........###..............##
...............#..............##
.............................##
............................##
.∩.........................##
...............c@J.(†.....##
.......#.....................
......###..(.....(......#####
.....#####......(......##
.#######....(......##
..#####...........##
..K###.....#.....##
.Z.K#.....###...##
....F..<...#...##


You could see a centaur and a jelly.

Vanquished Creatures
  A two-headed ogre (D:8)
  A death yak (D:8)
  A cyclops (D:8)
  Maurice (D:7)
  A troll (D:8)
  Grinder (D:3)
  2 hippogriffs (D:8)
  A spriggan (D:8)
  A hungry ghost (D:9)
  Duvessa (D:7)
  4 orc warriors
  An ice beast (D:7)
  2 sky beasts (D:6)
  4 ogres
  3 centaurs (D:8)
  A big kobold (D:8)
  6 bullfrogs
  Dowan (D:7)
  3 scorpions
  4 killer bees (D:8)
  6 howler monkeys
  4 crimson imps
  2 quasits
  A hound (D:4)
  3 jellies
  12 orc priests
  A bullfrog skeleton (D:8)
  Ijyb (D:3)
  A hell rat (D:8)
  3 iguanas
  10 orc wizards
  6 worker ants
  A killer bee zombie (D:5)
  A hound skeleton (D:4)
  A worker ant zombie (D:8)
  7 gnolls
  2 river rats
  8 adders
  A howler monkey skeleton (D:6)
  2 shadow imps
  3 adder skeletons
  A worm (D:3)
  6 dart slugs
  7 leopard geckos
  30 orcs
  A ball python (D:1)
  9 giant cockroaches
  18 goblins
  9 hobgoblins
  22 jackals
  6 quokkas
  9 bats
  4 frilled lizards
  19 kobolds
  2 leopard gecko zombies
  7 rats
266 creatures vanquished.

Vanquished Creatures (others)
  A worker ant zombie (D:8)
1 creature vanquished.

Grand Total: 267 creatures vanquished

Notes
Turn   | Place    | Note
-------+----------+-------------------------------------------
     0 | D:1      | MirrMurr the Spriggan Berserker began the quest for the Orb.
     0 | D:1      | Reached XP level 1. HP: 11/11 MP: 2/2
     6 | D:1      | Noticed a komodo dragon
     6 | D:1      | Noticed a black bear
     7 | D:1      | Noticed a six-headed hydra
   104 | D:1      | Reached skill level 1 in Stealth
   114 | D:1      | Reached XP level 2. HP: 9/16 MP: 3/3
   689 | D:1      | Reached XP level 3. HP: 9/19 MP: 4/4
  1509 | D:2      | Found a hide-covered altar of Uskayaw.
  1509 | D:2      | Noticed a hand axe
  1509 | D:2      | Noticed an enchanted dagger
  1554 | D:2      | Reached skill level 5 in Dodging
  1706 | D:2      | Reached ** piety under Trog
  1998 | D:3      | Reached XP level 4. HP: 13/23 MP: 5/5
  2701 | D:3      | Noticed yohadams's ghost (amateur DsGl)
  3116 | D:3      | Noticed Grinder
  3127 | D:3      | Killed Grinder
  3127 | D:3      | Reached XP level 5. HP: 28/28 MP: 6/6
  3127 | D:3      | Reached XP level 6. HP: 32/32 MP: 7/7
  3326 | D:2      | Found a radiant altar of Vehumet.
  3715 | D:3      | Noticed Ijyb
  3743 | D:3      | Killed Ijyb
  4381 | D:4      | Reached *** piety under Trog
  4815 | D:4      | Found a white marble altar of Elyvilon.
  5007 | D:3      | Reached XP level 7. HP: 24/36 MP: 8/8
  6207 | D:4      | Reached skill level 5 in Stealth
  6733 | D:4      | Found a staircase to the Ecumenical Temple.
  6739 | Temple   | Entered the Ecumenical Temple
  6929 | D:5      | Entered Level 5 of the Dungeon
  7808 | D:5      | Reached XP level 8. HP: 42/42 MP: 9/9
  8592 | D:6      | Reached skill level 5 in Polearms
  8777 | D:6      | Reached **** piety under Trog
  8888 | D:6      | Found a sparkling altar of Nemelex Xobeh.
  8963 | D:5      | Received a gift from Trog
  9551 | D:6      | Found a sacrificial altar of Ru.
  9784 | D:6      | Reached skill level 5 in Slings
  9834 | D:6      | Found a deep blue altar of Sif Muna.
 10358 | D:6      | Reached XP level 9. HP: 5/46 MP: 10/10
 11454 | D:7      | Noticed Duvessa
 11454 | D:7      | Noticed Dowan
 11787 | D:7      | HP: 3/69 [Duvessa/vampiric short sword (5)]
 11789 | D:7      | Killed Duvessa
 12149 | D:7      | Killed Dowan
 13074 | D:8      | Noticed Maurice
 13198 | D:7      | Killed Maurice
 13198 | D:7      | Reached skill level 5 in Fighting
 13427 | D:8      | Noticed a troll
 14331 | D:8      | Killed a troll
 14785 | D:8      | Reached XP level 10. HP: 6/51 MP: 11/11
 15137 | D:8      | Found an ancient bone altar of Kikubaaqudgha.
 15138 | D:8      | Found a bloodstained altar of Trog.
 15329 | D:8      | Noticed a cyclops
 15347 | D:8      | Killed a cyclops
 15347 | D:8      | Reached skill level 10 in Dodging
 15627 | D:9      | Noticed Prince Ribbit
 15665 | D:9      | Found Okeitrodog's Magic Scroll Shop.
 15717 | D:9      | Noticed a death yak
 15800 | D:8      | Killed a death yak
 15802 | D:8      | Received a gift from Trog
 15929 | D:9      | Noticed a two-headed ogre
 16108 | D:8      | Reached skill level 10 in Stealth
 16150 | D:8      | Killed a two-headed ogre
 16320 | D:9      | Paralysed by fainting for 5 turns
 16345 | D:9      | Paralysed by fainting for 6 turns
 16347 | D:9      | HP: 2/53 [centaur (3)]
 16347 | D:9      | Slain by a centaur

Vault maps used:
D:1:      onia_arrival_zoo_common, minmay_heptomino_h4
D:2:      dancing_weapons_uskayaw, nicolae_overflow_crystal_walls
D:3:      kennysheep_the_goblin_king, uniq_grinder
D:4:      minmay_temple_entry_fiery, first_ration, elyvilon_altar_4
D:6:      nicolae_overflow_hidden_temple, nemelex_xobeh_ov_fountains_minmay,
          led_sif_pool
D:7:      uniq_duvessa
D:8:      minmay_bloctagon, gammafunk_temple_overflow_statue, the_bakery,
          uniq_maurice
D:9:      zin_angel, gammafunk_temple_overflow_elements,
          lemuel_coloured_pillars_altar, amethyst_overflow_temple_binary,
          dpeg_lair_monsters, serial_shops, shop, small_chamber_with_monster,
          uniq_prince_ribbit1
Temple:   kb_corrupted_temple

Skill      XL: |  1  2  3  4  5  6  7  8  9 10 |
---------------+-------------------------------+-----
Stealth        | 1 2 3 4 5 7 9 10 | 10.3
Dodging        | 5 6 7 8 9 10 | 10.8
Polearms       | 3 4 5 6 7 |  7.9
Fighting       | 3 4 5 6 |  6.2
Slings         | 2 3 5 6 7 |  7.8

Action                   |  1- 3 |  4- 6 |  7- 9 | 10-12 || total
-------------------------+-------+-------+-------+-------++-------
Melee: Spear             |   134 |   185 |  1028 |    44 ||  1391
       Trident           |       |       |       |   386 ||   386
 Fire: Hunting sling     |    38 |   135 |   324 |       ||   497
Invok: Berserk           |       |     4 |    11 |     7 ||    22
       Trog's Hand       |       |     1 |     2 |       ||     3
Evoke: Wand              |       |       |     1 |     3 ||     4
  Use: Scroll            |     4 |       |    10 |     1 ||    15
 Stab: Sleeping          |     5 |     2 |     4 |     1 ||    12
       Paralysed         |       |       |    11 |       ||    11
       Distracted        |       |       |     1 |     2 ||     3
  Eat: Ration            |       |     3 |    11 |     4 ||    18
Armor: Animal skin       |    13 |       |       |       ||    13
       Robe              |       |    16 |   100 |       ||   116
       Troll leather arm |       |       |     1 |    89 ||    90
Dodge: Dodged            |    76 |   189 |   933 |   734 ||  1932

Table legend:
 A = Spawn XP
 B = Non-spawn XP
 C = Spawn XP percentage of total XP
 D = Spawn monster count
 E = Non-spawn monster count
 F = Spawn count percentage of total count
 G = Total turns spent on level
                    A         B        C        D         E        F      G
               +---------+---------+-------+---------+---------+-------+---------
         Total |       0 |   10174 |   0.0 |       0 |     267 |   0.0 | 16347
               +---------+---------+-------+---------+---------+-------+---------
           D:1 |       0 |      55 |   0.0 |       0 |      28 |   0.0 |  1437
           D:2 |       0 |      41 |   0.0 |       0 |      16 |   0.0 |  1118
           D:3 |       0 |     480 |   0.0 |       0 |      42 |   0.0 |  1864
           D:4 |       0 |     662 |   0.0 |       0 |      33 |   0.0 |  2508
           D:5 |       0 |     593 |   0.0 |       0 |      25 |   0.0 |  1865
           D:6 |       0 |     971 |   0.0 |       0 |      25 |   0.0 |  2530
           D:7 |       0 |    1223 |   0.0 |       0 |      15 |   0.0 |  2213
           D:8 |       0 |    5785 |   0.0 |       0 |      72 |   0.0 |  2660
           D:9 |       0 |     364 |   0.0 |       0 |      11 |   0.0 |   150
               +---------+---------+-------+---------+---------+-------+---------
